 Dungeon Crawl Stone Soup version 0.29-a0-416-g83a48905f1 (webtiles) character file.

Game seed: 16748455498865475162

2250 pokeman the Thaumaturge (level 9, 0/48 HPs)
             Began as a Deep Elf Hedge Wizard on May 16, 2022.
             Slain by a killer bee (6 damage)
             ... on level 7 of the Dungeon.
             The game lasted 00:16:08 (7816 turns).

pokeman the Thaumaturge (Deep Elf Hedge Wizard)     Turns: 7816, Time: 00:16:09

Health: 0/48       AC:  4    Str:  7    XL:     9   Next: 15%
Magic:  19/26      EV: 12    Int: 24    God:
Gold:   365        SH:  0    Dex: 14    Spells: 14/30 levels left

rFire   . . .      SeeInvis .   p - +2 hand axe (venom)
rCold   . . .      Faith    .   (no shield)
rNeg    . . .      Spirit   .   r - +0 leather armour
rPois   .          Reflect  .   c - +0 hat
rElec   .          Harm     .   j - +0 cloak
rCorr   .          Rampage  .   (no gloves)
Will    +....                   (no boots)
Stlth   ++........              f - amulet of regeneration
HPRegen 0.96/turn               w - ring of willpower
MPRegen 0.20/turn               F - +4 ring of slaying

@: lethally poisoned (0 -> -1), very slightly contaminated
A: no striking features
a: no special abilities


You were on level 7 of the Dungeon.
You visited 1 branch of the dungeon, and saw 7 of its levels.

You collected 365 gold pieces.

Inventory:

Hand Weapons
 n - a +0 hand crossbow
 p - a +2 hand axe of venom (weapon)
Missiles
 v - a curare-tipped dart
 B - 2 throwing nets
Armour
 c - a +0 hat (worn)
 j - a +0 cloak (worn)
 r - a +0 leather armour (worn)
 C - a +0 kite shield
 E - an orb of wrath
Jewellery
 f - an amulet of regeneration (around neck)
 w - a ring of willpower (left hand)
 F - a +4 ring of slaying (right hand)
Wands
 q - a wand of polymorph (20)
Scrolls
 a - 5 scrolls of identify {unknown}
 e - 6 scrolls of teleportation {unknown}
 h - 2 scrolls of blinking {unknown}
 k - a scroll of amnesia {unknown}
 l - 3 scrolls of fear {unknown}
 m - 3 scrolls of enchant weapon {unknown}
 s - 4 scrolls of summoning
 u - 3 scrolls of brand weapon {unknown}
 y - a scroll of vulnerability {unknown}
 A - a scroll of acquirement {unknown}
 D - a scroll of immolation {unknown}
Potions
 b - 2 potions of resistance {unknown}
 d - 2 potions of magic
 g - a potion of attraction {unknown}
 i - a potion of degeneration {unknown}
 o - a potion of curing
 t - 4 potions of heal wounds {unknown}
 x - a potion of haste {unknown}
 z - 3 potions of might {unknown}


   Skills:
 - Level 2.0 Fighting
 - Level 3.0 Armour
 - Level 3.0 Dodging
 - Level 3.0 Stealth
 + Level 1.2 Shields
 * Level 11.0 Spellcasting
 + Level 6.0 Conjurations
 - Level 1.1 Summonings
 - Level 1.1 Translocations
 + Level 4.8 Fire Magic
 - Level 1.0 Air Magic
 - Level 1.0 Poison Magic
 - Level 1.1 Evocations


You had 14 spell levels left.
You knew the following spells:

 Your Spells              Type           Power      Damage    Failure   Level
a - Magic Dart            Conj           100%       1d8       1%          1
b - Mephitic Cloud        Conj/Pois/Air  26%        N/A       7%          3
c - Call Imp              Summ           18%        N/A       7%          2
d - Blink                 Tloc           36%        N/A       7%          2
e - Conjure Flame         Conj/Fire      39%        6-21      2%          3
f - Foxfire               Conj/Fire      100%       2x1d9     1%          1
g - Flame Wave            Conj/Fire      39%        2d9       8%          4

Your spell library contained the following spells:

 Spells                   Type           Power      Damage    Failure   Level
 Slow                     Hex            52%        N/A       7%          1
 Inner Flame              Hex/Fire       24%        N/A       8%          3


Dungeon Overview and Level Annotations

Branches:
Dungeon (7/15)
 Temple: D:4-7

Altars:
Dithmenos
Okawaru
Xom
Zin

Shops:
D:6 :


Message History

You miscast Mephitic Cloud.
You are very lightly contaminated with residual magic.
Nothing appears to happen.
The killer bee stings you.
You are poisoned.
The killer bee poisons you! The killer bee misses you.
The killer bee barely misses you. x2
The killer bee attacks as you move away!
The killer bee stings you.
You feel very sick. The killer bee closely misses you.
The killer bee stings you. The killer bee stings you!
* * * LOW HITPOINT WARNING * * *
You are more poisoned.
The killer bee poisons you!
The killer bee stings you but does no damage.
The killer bee attacks as you move away!
The killer bee stings you.
* * * LOW HITPOINT WARNING * * *
x2 You feel very sick.
The killer bee closely misses you.
The killer bee stings you but does no damage.
Unknown command.
You feel better. The killer bee barely misses you. The killer bee stings you.
* * * LOW HITPOINT WARNING * * *
The killer bee stings you.
* * * LOW HITPOINT WARNING * * *
You are poisoned.
The killer bee poisons you! The killer bee misses you.
Unknown command.
Casting: Mephitic Cloud (dangerous; 7% risk of failure)
Confirm with . or Enter, or press ? or * to list all spells.
Aiming: Mephitic Cloud (dangerous; 7% risk of failure)
Press: ? - help, Shift-Dir - straight line, f - killer bee, p - killer bee
Aim: a killer bee (moderately wounded, chance to affect: 86%) That beam is likely to hit you.
Continue anyway?
You miscast Mephitic Cloud.
Nothing appears to happen.
You feel sick. The killer bee stings you.
* * * LOW HITPOINT WARNING * * *
The killer bee misses you. x2; The killer bee stings you.
You die...

###.### #.# #.#.# ###.####
#.# #.#.# #......# #.#
#.#.# ##.#.##.# #.###.#.#
....>##.###.....#.+####+
#..............##.#.......
####.#..#..###.##y'#######
#.#..#..# #.##y........
........# #..@yy..##...
##.#.###.# #.#####.# #.#
#.# ### ## # ..# ###


You could see 4 killer bees.

Vanquished Creatures
  Sigmund (D:6)
  Eustachio (D:4)
  A steam dragon (D:5)
  2 water moccasins
  2 ogres
  A centaur (D:5)
  A phantom (D:5)
  A kobold brigand (D:3)
  A necrophage (D:5)
  A bullfrog (D:6)
  Blork the orc (D:4)
  3 scorpions
  4 hounds
  A gnoll shaman (D:6)
  Ijyb (D:3)
  2 iguanas (D:6)
  Natasha (twice) (D:3)
  3 orc wizards
  24 gnolls
  7 adders
  A white imp (D:6)
  A worm (D:2)
  2 dart slugs (D:1)
  15 orcs
  10 ball pythons
  10 endoplasms
  3 giant cockroaches
  9 goblins
  10 hobgoblins
  7 jackals
  A quokka (D:1)
  9 bats
  8 frilled lizards
  44 kobolds
  3 rats
193 creatures vanquished.

Vanquished Creatures (collateral kills)
  Natasha (D:3)
1 creature vanquished.

Vanquished Creatures (others)
  138 foxfires
  23 plants
161 creatures vanquished.

Grand Total: 355 creatures vanquished

Notes
Turn   | Place    | Note
-------+----------+-------------------------------------------
     0 | D:1      | pokeman the Deep Elf Hedge Wizard began the quest for the
                  | Orb.
     0 | D:1      | Reached XP level 1. HP: 10/10 MP: 7/7
   204 | D:1      | Reached XP level 2. HP: 11/16 MP: 3/9
   359 | D:1      | Found a faded altar of an unknown god.
   629 | D:1      | Reached skill level 5 in Spellcasting
   629 | D:1      | Reached XP level 3. HP: 20/20 MP: 2/11
   633 | D:1      | Learned a level 3 spell: Mephitic Cloud
   636 | D:1      | Learned a level 2 spell: Call Imp
   639 | D:1      | Learned a level 2 spell: Blink
   643 | D:1      | Learned a level 3 spell: Conjure Flame
  1249 | D:2      | Reached skill level 1 in Fighting
  1253 | D:2      | Reached skill level 1 in Armour
  1429 | D:2      | Found an iron altar of Okawaru.
  1516 | D:2      | Reached XP level 4. HP: 25/25 MP: 6/13
  1629 | D:2      | Found a shimmering altar of Xom.
  2380 | D:3      | Noticed Ijyb
  2386 | D:3      | Noticed Natasha
  2398 | D:3      | Reached skill level 1 in Fire Magic
  2398 | D:3      | Killed Natasha
  2399 | D:3      | Reached skill level 6 in Spellcasting
  2403 | D:3      | Killed Ijyb
  2404 | D:3      | Reached XP level 5. HP: 25/29 MP: 6/15
  2571 | D:3      | Noticed Natasha
  2588 | D:3      | Killed Natasha
  2589 | D:3      | Reached skill level 1 in Air Magic
  2845 | D:3      | Noticed Natasha
  2856 | D:3      | Killed Natasha
  3432 | D:3      | Reached XP level 6. HP: 23/34 MP: 14/17
  3639 | D:3      | Reached skill level 1 in Poison Magic
  3754 | D:3      | Reached skill level 7 in Spellcasting
  3754 | D:3      | Reached skill level 1 in Evocations
  4575 | D:4      | Found a shadowy altar of Dithmenos.
  4662 | D:4      | Noticed Blork the orc
  4671 | D:4      | Found a glowing silver altar of Zin.
  4677 | D:4      | Killed Blork the orc
  4692 | D:4      | Reached XP level 7. HP: 30/39 MP: 11/20
  5393 | D:4      | Noticed Eustachio
  5411 | D:4      | Killed Eustachio
  5412 | D:4      | Reached skill level 8 in Spellcasting
  5635 | D:5      | Entered Level 5 of the Dungeon
  5715 | D:5      | Noticed a steam dragon
  5724 | D:5      | Killed a steam dragon
  5725 | D:5      | Reached XP level 8. HP: 39/44 MP: 10/22
  5742 | D:5      | Reached skill level 9 in Spellcasting
  6101 | D:5      | Reached skill level 5 in Conjurations
  6537 | D:5      | Learned a level 1 spell: Foxfire
  6542 | D:5      | Learned a level 4 spell: Flame Wave
  6598 | D:5      | Reached skill level 10 in Spellcasting
  7224 | D:6      | Found Acitosyd's Book Shoppe.
  7283 | D:6      | Reached XP level 9. HP: 48/48 MP: 18/25
  7464 | D:6      | Reached skill level 1 in Shields
  7693 | D:6      | Noticed Sigmund
  7700 | D:6      | Killed Sigmund
  7701 | D:6      | Reached skill level 11 in Spellcasting
  7816 | D:7      | Slain by a killer bee

Illustrated notes

Levels and vault maps discovered:
D:1:      scummos_arrival_simple_fountains, layout_rooms,
          chequers_ecumenical_altar_twisty
D:2:      minmay_recursive_quarters, layout_loops_ring, basic_altar,
          minmay_hexomino_r4
D:3:      minmay_goblin_kobold_castle, layout_basic, uniq_ijyb, uniq_natasha
D:4:      layout_layer_cave, grunt_temple_overflow_open, minmay_strange_pillars,
          nicolae_grassy_gnolls, uniq_eustachio, uniq_blork_the_orc
D:5:      layout_loops_ring, chequers_serial_rivers_micro_e,
          serial_bayou_lagoon_b
D:6:      layout_basic, serial_shops, nicolae_lakefront_shop, uniq_sigmund
D:7:      layout_loops_cross, minmay_temple_entry_fiery, kennysheep_nub,
          minivault_11

Skill      XL: |  1  2  3  4  5  6  7  8  9 |
---------------+----------------------------+-----
Spellcasting   | 5 6 7 8 10 11 | 11.0
Fighting       | 1 2 |  2.0
Armour         | 1 3 |  3.0
Conjurations   | 2 3 4 5 6 |  6.0
Fire Magic     | 1 2 4 |  4.8
Dodging        | 3 |  3.0
Air Magic      | 1 |  1.0
Stealth        | 3 |  3.0
Poison Magic   | 1 |  1.0
Evocations     | 1 |  1.1
Shields        | 1 |  1.2
Summonings     | |  1.1
Translocations | |  1.1

Action                   |  1- 3 |  4- 6 |  7- 9 || total
-------------------------+-------+-------+-------++-------
Melee: Dagger            |     9 |       |       ||     9
       Hand axe          |       |   106 |    50 ||   156
       Punch             |       |     1 |     2 ||     3
 Cast: Magic Dart        |    94 |   117 |    72 ||   283
       Mephitic Cloud    |     1 |    12 |    11 ||    24
       Conjure Flame     |     1 |       |     4 ||     5
       Call Imp          |       |     1 |     1 ||     2
       Blink             |       |       |     1 ||     1
       Foxfire           |       |       |    80 ||    80
  Use: Potion            |       |       |     1 ||     1
 Stab: Confused          |       |     3 |     3 ||     6
Armor: Robe              |     8 |     5 |       ||    13
       Leather armour    |       |    32 |    23 ||    55
Dodge: Dodged            |    13 |    76 |    82 ||   171

Table legend: (Time is in decaauts)
 A = Elapsed time spent in this place.
 B = Non-inter-level travel time spent in this place.
 C = Inter-level travel time spent in this place.
 D = Time resting spent in this place.
 E = Time spent auto-exploring this place.
 F = Levels seen in this place.
 G = Mean time per level.
                   A        B        C        D        E       F      G
               +--------+--------+--------+--------+--------+-----+--------+
         Total |   7899 |   7749 |    150 |    117 |   6420 |   7 | 1128.4 |
       Dungeon |   7899 |   7749 |    150 |    117 |   6420 |   7 | 1128.4 |
               +--------+--------+--------+--------+--------+-----+--------+

Top non-repeatable levels by time:
     D:3: 1863 daAuts
     D:4: 1505 daAuts
     D:5: 1306 daAuts
     D:2: 1229 daAuts
     D:1: 1110 daAuts
     D:6: 829 daAuts
     D:7: 55 daAuts
